 Dungeon Crawl Stone Soup version 0.20.2-3-g29329e0561 (webtiles) character file.

247 Alfie the Covered (level 5, -4/46 HPs)
             Began as a Minotaur Fighter on Sept 9, 2020.
             Killed by divine providence
             ... invoked by an orc priest
              (14 damage)
             ... on level 4 of the Dungeon.
             The game lasted 00:06:53 (2434 turns).

Alfie the Covered (Minotaur Fighter)                Turns: 2434, Time: 00:06:54

Health: -4/46      AC:  8    Str: 21    XL:     5   Next: 85%
Magic:  4/4        EV:  8    Int:  5    God:
Gold:   168        SH:  9    Dex: 10    Spells: 4/4 levels left

rFire    + . .     SeeInvis .   a - +1 long sword
rCold    x . .     Gourm    .   c - +0 shield
rNeg     . . .     Faith    .   b - +0 scale mail
rPois    +         Spirit   .   (helmet restricted)
rElec    .         Reflect  .   (no cloak)
rCorr    .         Harm     .   o - +0 pair of gloves
MR       .....                  (no boots)
Stlth    ..........             (no amulet)
Regen    0.2/turn               e - ring of fire
MPRegen  0.1/turn               l - ring of poison resistance

@: no status effects
A: retaliatory headbutt, horns 2
a: no special abilities


You were on level 4 of the Dungeon.
You were not hungry.

You visited 1 branch of the dungeon, and saw 4 of its levels.

You collected 168 gold pieces.

Inventory:

Hand Weapons
 a - a +1 long sword (weapon)
Armour
 b - a +0 scale mail (worn)
 c - a +0 shield (worn)
 o - a +0 pair of gloves (worn)
Jewellery
 e - a ring of fire (left hand)
 l - a ring of poison resistance (right hand)
Wands
 p - a wand of clouds (3/9)
Scrolls
 i - 2 scrolls of remove curse
 j - 2 scrolls of teleportation
Potions
 d - 2 potions of might
 g - a potion of brilliance
 m - a potion of curing {unknown}
 n - 2 potions of agility {unknown}
Comestibles
 f - 6 bread rations
 h - 2 meat rations
 k - 3 royal jellies


   Skills:
 + Level 4.3 Fighting
 + Level 4.3 Long Blades
 + Level 5.6 Armour
 + Level 0.9 Dodging
 + Level 0.5 Stealth
 + Level 4.6 Shields


You had 4 spell levels left.
You didn't know any spells.

Dungeon Overview and Level Annotations

Branches:
Dungeon (4/15)
 Temple: D:4-7

Altars:
Nemelex Xobeh
Ru

Shops:
D:4 }

Annotations:
D:4 1 runed door


Innate Abilities, Weirdness & Mutations

You reflexively headbutt those who attack you in melee.
You have a pair of horns on your head.


Message History

The orc priest is moderately wounded.
The orc priest hits you with a falchion.
You closely miss the orc priest. You headbutt the orc priest!
You kill the orc priest!
You hit the orc. Your headbutt misses the orc.
The orc is almost dead.
You block the orc's attack.
The orc priest invokes the aid of Beogh against you.
Beogh smites you!
You slash the orc!
You kill the orc!
The orc priest invokes the aid of Beogh against you.
Beogh smites you!
* * * LOW HITPOINT WARNING * * *
You slash the orc priest!
You headbutt the orc priest, but do no damage.
The orc priest is heavily wounded.
The orc priest mumbles some strange prayers to Beogh against you.
Beogh smites you!
You die...

##.# ...# #... #..##
#... #..#
#..########
#..@o...... #
#.##################
#...................
###############.....
### #####....#. ##..
#.)........ .#.#
#.######### .#.#
#.#8P.©.P8# .#.#
#.#≈.....≈#


You could see an orc priest.

Vanquished Creatures
  A centaur (D:4)
  An orc priest (D:4)
  An iguana (D:3)
  4 adders
  2 oozes
  A worm (D:2)
  2 dart slugs (D:2)
  3 leopard geckos
  3 orcs
  7 giant cockroaches
  3 goblins
  5 hobgoblins
  8 jackals
  7 kobolds
  3 ball pythons
  A bat (D:1)
  3 frilled lizards
  9 rats
64 creatures vanquished.

Notes
Turn   | Place    | Note
-------+----------+-------------------------------------------
     0 | D:1      | Alfie the Minotaur Fighter began the quest for the Orb.
     0 | D:1      | Reached XP level 1. HP: 19/19 MP: 0/0
   119 | D:1      | Reached skill level 4 in Armour
   119 | D:1      | Reached XP level 2. HP: 21/27 MP: 1/1
   769 | D:2      | Reached XP level 3. HP: 33/33 MP: 2/2
  1073 | D:2      | Reached XP level 4. HP: 16/40 MP: 3/3
  1397 | D:3      | Found a sparkling altar of Nemelex Xobeh.
  1600 | D:3      | Found a sacrificial altar of Ru.
  2075 | D:4      | Reached skill level 5 in Armour
  2100 | D:4      | Noticed a centaur
  2108 | D:4      | Killed a centaur
  2108 | D:4      | Reached XP level 5. HP: 36/46 MP: 4/4
  2192 | D:4      | Found a transporter.
  2233 | D:4      | Found a transporter.
  2283 | D:4      | Found Fisyblurph's Gadget Boutique.
  2374 | D:4      | Found a runed door.
  2434 | D:4      | Killed from afar by an orc priest

Skill      XL: |  1  2  3  4 |
---------------+-------------+-----
Armour         | 4 5 |  5.6
Shields        | 4 |  4.6
Fighting       | 4 |  4.3
Long Blades    | 3 4 |  4.3
Dodging        | |  0.9
Stealth        | |  0.5

Action                   |  1- 3 |  4- 6 || total
-------------------------+-------+-------++-------
Melee: Long sword        |   102 |    55 ||   157
       Headbutt          |    14 |    10 ||    24
  Use: Scroll            |     3 |     3 ||     6
       Potion            |     1 |       ||     1
  Eat: Fruit             |     1 |       ||     1
       Bread ration      |       |     1 ||     1
Armor: Scale mail        |    45 |    19 ||    64
Dodge: Dodged            |    33 |    16 ||    49
Block: Shield            |    53 |    32 ||    85
       Rpst.: Long sword |     6 |     4 ||    10
